 Dungeon Crawl Stone Soup version 0.23.2-40-g277498a001 (webtiles) character file.

Game seed: 14167238486710417968

8193 Exodus22XD the Thaumaturge (level 11, -6/54 HPs)
             Began as a Deep Elf Ice Elementalist on Sept 25, 2019.
             Was an Elder of Kikubaaqudgha.
             Killed from afar by a lindwurm (51 damage)
             ... with a blast of flame
             ... on level 2 of the Lair of Beasts.
             The game lasted 01:27:23 (10645 turns).

Exodus22XD the Thaumaturge (DEIE)                  Turns: 10645, Time: 01:27:33

Health: -6/54      AC:  9    Str:  5    XL:     11   Next: 6%
Magic:  5/31       EV: 13    Int: 24    God:    Kikubaaqudgha [****..]
Gold:   548        SH:  0    Dex: 15    Spells: 17/38 levels left

rFire    x . .     SeeInvis .   z - staff of earth
rCold    + . .     Gourm    .   (no shield)
rNeg     . . .     Faith    .   a - +0 robe
rPois    .         Spirit   .   i - +0 helmet
rElec    .         Reflect  .   v - scarf {repulsion}
rCorr    .         Harm     .   (no gloves)
MR       +....                  r - +2 pair of boots
Stlth    +.........             (no amulet)
HPRegen  0.18/turn              h - ring of ice
MPRegen  0.22/turn              A - +3 ring of protection

@: repel missiles, very slow
A: no striking features
a: Receive Corpses, Renounce Religion


You were on level 2 of the Lair of Beasts.
You worshipped Kikubaaqudgha.
Kikubaaqudgha was greatly pleased with you.
You were very hungry.

You visited 3 branches of the dungeon, and saw 13 of its levels.

You collected 800 gold pieces.
You spent 252 gold pieces at shops.

Inventory:

Hand Weapons
 y - a +0 dagger of speed
Armour
 a - a +0 robe (worn)
 i - a +0 helmet (worn)
 r - a +2 pair of boots (worn)
 v - a scarf of repulsion (worn)
Magical Staves
 z - an uncursed staff of earth (weapon)
Jewellery
 f - an uncursed amulet of magic regeneration {unknown}
 h - a ring of ice (left hand)
 l - an uncursed ring of see invisible
 A - a +3 ring of protection (right hand)
Wands
 d - a wand of disintegration (5)
 I - a wand of polymorph (10)
Scrolls
 e - a scroll of remove curse {unknown}
 g - 5 scrolls of teleportation
 m - 3 scrolls of enchant weapon
 n - 4 scrolls of enchant armour
 o - 3 scrolls of immolation
 q - 3 scrolls of magic mapping {unknown}
 t - 3 scrolls of amnesia {unknown}
 x - 5 scrolls of torment
 C - 2 scrolls of blinking {unknown}
 E - a scroll of fear {unknown}
 G - a scroll of holy word {unknown}
Potions
 b - a potion of magic
 j - a potion of resistance {unknown}
 k - a potion of flight {unknown}
 p - 2 potions of haste {unknown}
 s - a potion of agility
 u - a potion of mutation {unknown}
 w - a potion of lignification {unknown}
 B - a potion of berserk rage {unknown}
 D - 2 potions of cancellation {unknown}
 F - a potion of degeneration {unknown}
 K - a potion of curing {unknown}
Comestibles
 c - 17 rations


   Skills:
 - Level 2.4 Dodging
 - Level 2.4 Stealth
 * Level 14.1 Spellcasting
 - Level 1.1 Conjurations
 - Level 5.0 Summonings
 - Level 10.2 Necromancy
 - Level 10.0 Ice Magic


You had 17 spell levels left.
You knew the following spells:

 Your Spells              Type           Power        Failure   Level  Hunger
a - Freeze                Ice            ####         1%          1    None
b - Summon Ice Beast      Ice/Summ       ######..     1%          4    None
c - Ozocubu's Armour      Chrm/Ice       ######..     1%          3    None
d - Throw Frost           Conj/Ice       ######       1%          2    None
e - Simulacrum            Ice/Necr       #######...   9%          6    #####..
f - Dispel Undead         Necr           ######..     1%          5    ###....

Your spell library contained the following spells:

 Spells                   Type           Power        Failure   Level  Hunger
 Pain                     Necr           ####         1%          1    None
 Corpse Rot               Necr           N/A          1%          2    None
 Sublimation of Blood     Necr           ######....   1%          2    None
 Vampiric Draining        Necr           ######....   1%          3    None
 Animate Dead             Necr           N/A          1%          4    None
 Agony                    Necr           ######..     1%          5    ###....
 Flame Tongue             Conj/Fire      ###..        2%          1    None
 Confusing Touch          Hex            ###...       3%          1    None
 Throw Icicle             Conj/Ice       ######..     3%          4    None
 Throw Flame              Conj/Fire      ###...       4%          2    None
 Conjure Flame            Conj/Fire      ###.....     9%          3    None
 Confuse                  Hex            ###.....     11%         3    None
 Gell's Gravitas          Tloc           ###.......   11%         3    None
 Inner Flame              Hex/Fire       ###.....     11%         3    None
 Excruciating Wounds      Chrm/Necr      #####.....   12%         5    ###....
 Metabolic Englaciation   Hex/Ice        ######....   12%         5    ###....
 Sticky Flame             Conj/Fire      ###.....     28%         4    None
 Petrify                  Tmut/Erth      ####....     34%         4    None
 Fireball                 Conj/Fire      ###.......   61%         5    ###....
 Yara's Violent Unravell  Hex/Tmut       ###.......   67%         5    ###....


Dungeon Overview and Level Annotations

Branches:
Dungeon (10/15)            Temple (1/1) D:4            Lair (2/6) D:10
  Swamp (0/4) Lair:2          Orc (0/2) D:10
  Snake: Lair:2-4    Spider: Lair:2-4

Altars:
Elyvilon
Fedhas
Hepliaklqana
Kikubaaqudgha
Nemelex Xobeh
Qazlal
Ru
Sif Muna
Trog
Vehumet
Wu Jian
Yredelemnul
Zin
The Shining One

Shops:
D:5 *   D:6 [   D:8 }[[*

Annotations:
D:3 Grinder
D:5 2 runed translucent doors, terix's ghost, amateur DsNe
D:9 Joseph


Message History

t - Shout!
Orders for allies: a - Attack new target. r - Retreat! s - Stop attacking. g - Guard the area. f - Follow me.
Anything else - Cancel.
Gang up on whom?
Press: ? - help, Dir - move target cursor, f - lindwurm
Aim: a lindwurm (steam, heavily wounded, catching its breath) Attack!
The lindwurm bites your ice beast.
The lindwurm closely misses your ice beast.
The lindwurm claws your ice beast but does no damage.
Your ice beast hits the lindwurm but does no damage.
Your ice beast barely misses the lindwurm.
The lindwurm breathes flames at you.
The blast of flame hits your ice beast!!
Your ice beast melts!
The blast of flame hits you!!! The fire burns you terribly!
Ouch! That really hurt!
You die...
Kikubaaqudgha rasps: "You have failed me!
Welcome... death!"

♣♣≈≈≈≈≈≈≈≈≈≈P≈≈≈≈≈≈..P♣
♣≈≈≈≈≈≈≈≈≈≈≈≈≈≈≈≈≈...♣♣
♣≈≈≈≈≈≈≈♣≈♣♣≈≈≈≈≈♣♣.♣♣
♣≈≈♣♣♣###♣♣.♣♣♣#♣♣.#♣
#'## ##.## ## #
#÷†##### ###### ##
#≈÷≈≈≈≈####≈Yk÷## ≈k♣#
#≈≈≈≈≈≈≈88≈§Y#§≈# ≈.%)#
#≈≈≈##≈≈≈≈@≈##≈≈#§§.|)#
#≈≈≈.##≈≈≈≈###○k≈≈≈≈.♣
############ #########


You could see a lindwurm and 2 friendly ice beasts.

Vanquished Creatures
  A yak (D:9)
  A vampire (D:9)
  2 sky beasts
  A phantom (D:8)
  A wolf (Lair:1)
  A big kobold (D:8)
  A scorpion (D:6)
  A howler monkey (D:5)
  2 crimson imps
  3 hounds
  2 orc priests
  4 orc wizards
  An iguana (D:4)
  2 worker ants
  A worker ant zombie (D:7)
  8 adders
  An adder zombie (D:5)
  An adder skeleton (D:3)
  4 worms
  4 leopard geckos
  12 orcs
  A ball python (D:3)
  5 giant cockroaches
  4 goblins
  6 hobgoblins
  2 quokkas
  6 bats
  A frilled lizard (D:2)
  7 kobolds
  6 rats
92 creatures vanquished.

Vanquished Creatures (collateral kills)
  A dire elephant (Lair:2)
  Harold (D:10)
  A hydra (Lair:1)
  An elephant (Lair:2)
  3 spiny frogs
  2 komodo dragons (Lair:2)
  A hippogriff (D:10)
  2 bog bodies (Lair:2)
  2 wraiths (D:10)
  25 yaks
  A wyvern (Lair:2)
  A basilisk (Lair:1)
  2 hungry ghosts
  4 water moccasins
  2 porcupines (Lair:1)
  An ice beast (D:7)
  2 orc warriors
  2 black bears (D:9)
  2 sky beasts
  A phantom (D:7)
  2 eyes of draining (D:8)
  A necrophage (D:9)
  4 ogres
  2 wolves (Lair:1)
  4 centaurs
  3 crocodiles
  A big kobold (D:10)
  5 bullfrogs
  3 scorpions
  5 wights (D:8)
  An electric eel (Lair:2)
  6 crimson imps
  3 centaur zombies
  2 quasits
  2 jellies
  A hound (D:10)
  6 orc priests
  5 bullfrog skeletons
  7 orc wizards
  A hell rat (Lair:2)
  4 worker ants
  A killer bee zombie (D:9)
  A hound skeleton (D:9)
  3 adders
  4 gnolls (D:5)
  A howler monkey skeleton (D:6)
  25 orcs
  3 quokkas
  9 kobolds
172 creatures vanquished.

Vanquished Creatures (others)
  12 toadstools (Lair:2)
12 creatures vanquished.

Grand Total: 276 creatures vanquished

Notes
Turn   | Place    | Note
-------+----------+-------------------------------------------
     0 | D:1      | Exodus22XD the Deep Elf Ice Elementalist began the quest
                  | for the Orb.
     0 | D:1      | Reached XP level 1. HP: 10/10 MP: 6/6
   174 | D:1      | Reached XP level 2. HP: 15/15 MP: 6/8
   718 | D:2      | Reached XP level 3. HP: 18/19 MP: 6/10
   828 | D:2      | Reached skill level 4 in Spellcasting
  1096 | D:3      | Noticed Grinder
  1191 | D:3      | Reached XP level 4. HP: 24/24 MP: 6/12
  1206 | D:2      | Learned a level 4 spell: Summon Ice Beast
  1210 | D:2      | Learned a level 3 spell: Ozocubu's Armour
  1213 | D:2      | Learned a level 2 spell: Throw Frost
  1295 | D:3      | Reached skill level 1 in Summonings
  1786 | D:3      | Reached XP level 5. HP: 24/28 MP: 8/13
  1801 | D:3      | Found an ornate altar of the Wu Jian Council.
  1811 | D:3      | Found a sparkling altar of Nemelex Xobeh.
  1812 | D:3      | Found a stormy altar of Qazlal.
  1812 | D:3      | Found a deep blue altar of Sif Muna.
  1816 | D:3      | Found a white marble altar of Elyvilon.
  1938 | D:4      | Noticed an ogre
  1942 | D:4      | Killed an ogre
  1963 | D:4      | Noticed an ogre
  1970 | D:4      | Killed an ogre
  1972 | D:4      | Reached skill level 5 in Summonings
  1972 | D:4      | Reached XP level 6. HP: 32/32 MP: 4/14
  2087 | D:4      | Found a staircase to the Ecumenical Temple.
  2102 | Temple   | Entered the Ecumenical Temple
  2182 | D:4      | Reached skill level 5 in Spellcasting
  2629 | D:4      | Reached skill level 5 in Ice Magic
  2878 | Temple   | Became a worshipper of Kikubaaqudgha
  2910 | D:5      | Entered Level 5 of the Dungeon
  2948 | D:5      | Reached skill level 6 in Spellcasting
  2967 | D:5      | Reached XP level 7. HP: 34/36 MP: 5/18
  3054 | D:5      | Found a glowing golden altar of the Shining One.
  3094 | D:5      | Found a runed translucent door.
  3095 | D:5      | Noticed terix's ghost (amateur DsNe)
  3592 | D:5      | Found a runed translucent door.
  3850 | D:5      | Found Nolykij's Mayhem Merchandise.
  4031 | D:6      | Reached skill level 7 in Spellcasting
  4145 | D:6      | Reached * piety under Kikubaaqudgha
  4145 | D:6      | Identified Kikubaaqudgha's Collected Works on Darkness
                  | (Kikubaaqudgha gifted it to you on level 6 of the Dungeon)
  4145 | D:6      | Received a gift from Kikubaaqudgha
  4409 | D:6      | Found Affu's Antique Armour Shop.
  4919 | D:7      | Found a blossoming altar of Fedhas.
  5026 | D:7      | Reached XP level 8. HP: 41/41 MP: 18/21
  5082 | D:7      | Reached skill level 8 in Spellcasting
  5256 | D:7      | Reached ** piety under Kikubaaqudgha
  5277 | D:7      | Reached skill level 9 in Spellcasting
  5874 | D:8      | Found Zuamo's Antique Armour Shop.
  6055 | D:8      | Found Gysiyfai's Assorted Antiques.
  6074 | D:8      | Bought a long runed staff for 252 gold pieces
  6326 | D:8      | Reached skill level 10 in Spellcasting
  6397 | D:8      | Found Kecliqad's Gadget Boutique.
  6405 | D:8      | Found Ixusit's Antique Armour Boutique.
  6496 | D:8      | Reached XP level 9. HP: 45/45 MP: 5/25
  6744 | D:9      | Noticed Joseph
  6948 | D:9      | Reached skill level 10 in Ice Magic
  6960 | D:9      | Reached skill level 1 in Necromancy
  7484 | D:9      | Reached *** piety under Kikubaaqudgha
  7484 | D:9      | Identified Kikubaaqudgha's Almanac of Unholy Rituals
                  | (Kikubaaqudgha gifted it to you on level 9 of the Dungeon)
  7484 | D:9      | Received a gift from Kikubaaqudgha
  7515 | D:9      | Learned a level 6 spell: Simulacrum
  7540 | D:9      | Found a sacrificial altar of Ru.
  7626 | D:9      | Reached skill level 5 in Necromancy
  7909 | D:10     | Entered Level 10 of the Dungeon
  7909 | D:10     | Found a staircase to the Lair.
  8163 | D:10     | Found a staircase to the Orcish Mines.
  8372 | D:10     | Noticed Harold
  8402 | D:10     | Killed Harold
  8508 | D:10     | Reached XP level 10. HP: 49/50 MP: 5/26
  8733 | D:10     | Reached **** piety under Kikubaaqudgha
  8785 | D:10     | Reached skill level 10 in Necromancy
  9345 | Lair:1   | Entered Level 1 of the Lair of Beasts
  9463 | Lair:1   | Noticed a seven-headed hydra
  9471 | Lair:1   | Killed a seven-headed hydra
  9471 | Lair:1   | Reached skill level 11 in Spellcasting
  9803 | Lair:1   | Noticed a spiny frog
  9812 | Lair:1   | Killed a spiny frog
  9939 | Lair:2   | Noticed a spiny frog
  9943 | Lair:2   | Reached skill level 12 in Spellcasting
  9946 | Lair:2   | Killed a spiny frog
 10002 | Lair:2   | Found a staircase to the Swamp.
 10032 | Lair:2   | Noticed a spiny frog
 10057 | Lair:2   | Killed a spiny frog
 10057 | Lair:2   | Reached skill level 13 in Spellcasting
 10229 | Lair:2   | Found a runed translucent door.
 10545 | Lair:2   | Learned a level 5 spell: Dispel Undead
 10589 | Lair:2   | Noticed an elephant
 10596 | Lair:2   | Killed an elephant
 10597 | Lair:2   | Reached XP level 11. HP: 39/54 MP: 10/30
 10631 | Lair:2   | Noticed a lindwurm
 10631 | Lair:2   | Noticed a dire elephant
 10638 | Lair:2   | Killed a dire elephant
 10638 | Lair:2   | Reached skill level 14 in Spellcasting
 10645 | Lair:2   | Killed from afar by a lindwurm

Skill      XL: |  1  2  3  4  5  6  7  8  9 10 11 |
---------------+----------------------------------+-----
Ice Magic      | 4 5 6 9 10 | 10.0
Spellcasting   | 4 6 7 10 13 14 | 14.1
Summonings     | 2 5 |  5.0
Necromancy     | 8 10 | 10.2
Dodging        | |  2.4
Stealth        | |  2.4
Conjurations   | |  1.1

Action                   |  1- 3 |  4- 6 |  7- 9 | 10-12 || total
-------------------------+-------+-------+-------+-------++-------
Melee: Short sword       |     4 |    21 |     2 |       ||    27
       Dagger            |       |       |    27 |       ||    27
       Staff             |       |       |     2 |    10 ||    12
 Cast: Freeze            |    48 |    73 |    72 |    12 ||   205
       Ozocubu's Armour  |       |     1 |     2 |     3 ||     6
       Summon Ice Beast  |       |     8 |   118 |    56 ||   182
       Throw Frost       |       |       |     4 |       ||     4
       Simulacrum        |       |       |       |     8 ||     8
Invok: Receive Corpses   |       |       |       |     2 ||     2
Evoke: Wand              |       |       |     5 |       ||     5
  Use: Scroll            |       |       |     9 |     2 ||    11
       Potion            |       |       |     1 |     2 ||     3
 Stab: Sleeping          |     2 |     1 |     1 |       ||     4
       Distracted        |       |     1 |     1 |       ||     2
  Eat: Chunk             |       |     7 |    16 |     8 ||    31
       Ration            |       |       |     2 |       ||     2
Armor: Robe              |    11 |    18 |    49 |    15 ||    93
Dodge: Dodged            |    45 |    41 |   106 |    31 ||   223
       Deflected         |       |       |     5 |     1 ||     6
